Map: Darkness Sanctuary LE

Players

Test - Winner!

  • Race: Terran Terran
  • League: Silver
  • Spawn Location: 7:00

TheBigWeed

  • Race: Protoss Protoss
  • League: Gold
  • Spawn Location: 11:00

VOD

Have the link to the VOD?

Description

Time

  • Played on: May 15, 2018, 6:01 p.m.
  • Length: 6:01
Show
View Real Time Build Order
Export as new Build Order

Test Terran - Winner!

Build Orders:  

Get SALT Encoding   

  12  0:00  SCV  
  13  0:12  SCV  
  14  0:22  Supply Depot  
  14  0:25  SCV  
  15  0:31  Refinery  
  15  0:44  SCV  
  15  0:49  Barracks  
  16  0:56  SCV  
  17  1:08  Barracks  
  17  1:34  Barracks  
  17  1:36  Marine  
  17  1:38  SCV  
  19  1:50  SCV  
  19  1:53  Marine  
  21  1:58  Barracks Reactor  
  21  2:05  Barracks  
  21  2:11  Marine  
  22  2:21  Barracks Reactor  
  22  2:28  Engineering Bay  
  22  2:33  Barracks Tech Lab  
  22  2:35  Marine  
  23  2:41  Supply Depot  
  23  2:51  Engineering Bay  
  23  2:54  Barracks Reactor  
  23  3:02  Marine  
  23  3:03  Stimpack  
  24  3:06  Marine  
  24  3:10  Marine  
  26  3:14  Marine  
  27  3:27  Orbital Command  
  27  3:32  Refinery  
  27  3:33  Marine  
  28  3:40  Supply Depot  
  28  3:46  Marine  
  28  3:47  Marine  
  30  3:51  Marine  
  31  4:04  Marine x2  
  31  4:05  Marine x2  
  31  4:09  Marine  
  36  4:12  Marine  
  37  4:17  Marine  
  38  4:24  Supply Depot  
  38  4:33  SCV  
  39  4:44  Supply Depot  
  39  4:46  Marine x3  
  42  4:55  Marine  
  43  5:05  Marine x3  
  46  5:09  Marine  
  40  5:31  Marine x4  
  40  5:32  Marine  
  45  5:41  Marine x2  
Show
View Real Time Build Order
Export as new Build Order

TheBigWeed Protoss 

Build Orders: 1 Gate Expand, Oracle Opening 

Get SALT Encoding   

  12  0:01  Probe  
  13  0:13  Probe  
  14  0:23  Pylon  
  14  0:27  Probe  
  15  0:38  Probe  
  16  0:46  Probe  
  16  0:49  Gateway  
  16  0:54  Assimilator  
  16  0:56  Probe  
  18  1:08  Probe  
  19  1:18  Probe  
  20  1:26  Probe  
  21  1:34  Probe  
  22  1:41  Nexus  
  22  1:46  Probe  
  23  2:00  Cybernetics Core  
  23  2:02  Pylon  
  23  2:20  Probe  
  23  2:21  Warp Gate  
  24  2:31  Assimilator  
  24  2:32  Probe  
  24  2:34  Pylon  
  25  2:40  Adept  
  27  2:44  Probe  
  28  2:56  Probe  
  29  3:03  Stargate  
  29  3:06  Gateway x2  
  29  3:08  Probe  
  30  3:14  Stalker  
  32  3:29  Probe x2  
  32  3:30  Pylon  
  34  3:37  Probe x2  
  35  3:44  Sentry  
  38  3:55  Oracle  
  38  4:09  Probe x2  
  43  4:21  Probe x2  
  45  4:25  Gateway  
  45  4:26  Gateway  
  45  4:27  Gateway x2  
  45  4:40  Shield Battery  
  45  4:42  Assimilator, Probe  
  45  4:43  Probe  
  47  4:46  Assimilator  
  47  4:53  Adept  
  47  4:54  Adept x2  
  47  4:55  Probe x2  
  56  5:07  Probe  
  56  5:08  Shield Battery  
  56  5:21  Adept x3  
  26  5:42  Adept x2  
  25  5:43  Adept  
Tags
 
Add a new tag
Caveats
  • Supply blocks, unpowered buildings, or Contaminate may cause inaccurate times.
  • Supply counts are checked every 10 seconds.